 Dungeon Crawl Stone Soup version 0.31-a0-152-g6aa68a64a1 (webtiles) character file.

Game seed: 13819551577876270434

4838 qw the Skirmisher (level 10, -1/94 HPs)
             Began as a Naga Hunter on June 9, 2023.
             Was a Priest of Okawaru.
             Slain by an ogre
             ... wielding a +0 giant club
             ... led by Lodul
              (9 damage)
             ... on level 10 of the Dungeon.
             The game lasted 00:03:08 (6981 turns).

qw the Skirmisher (Naga Hunter)                     Turns: 6981, Time: 00:03:09

Health: -1/94      AC: 18    Str: 14    XL:     10   Next: 49%
Magic:  11/13      EV: 13    Int:  9    God:    Okawaru [***...]
Gold:   125        SH:  0    Dex: 19    Spells: 9/9 levels left

rFire   . . .        j - +0 orcbow
rCold   . . .        (shield currently unavailable)
rNeg    . . .        e - +2 robe of the Morning {rElec Regen+}
rPois   +            b - +0 helmet
rElec   +            p - +2 cloak {rCorr}
rCorr   +            h - +0 pair of gloves
SInv    +            o - +0 barding
Will    +....        f - amulet of faith
Stlth   ++++         r - ring of resist corrosion
HPRegen 1.15/turn    (no ring)
MPRegen 0.13/turn

%: faith
@: lethally poisoned (-1 -> -7), short of breath, heroic, very slow
A: AC +3, large, see invisible, deformed body, poison resistance, slowness 2,
spit poison 1, naga tail 1
a: Spit Poison, Renounce Religion, Heroism


You were on level 10 of the Dungeon.
You worshipped Okawaru.
Okawaru was most pleased with you.
You visited 2 branches of the dungeon, and saw 11 of its levels.

You collected 424 gold pieces.
You spent 299 gold pieces at shops.


Innate Abilities, Weirdness & Mutations

Your serpentine skin is tough. (AC +3)
You have supernaturally acute eyesight. (SInv)
Armour fits poorly on your strangely shaped body.
Your system is resistant to poisons. (rPois)
You cover ground very slowly.
You can spit poison.
You have a snake-like lower body.


   Skills:
 + Level 7.3(12.3) Fighting
 - Level 11.0(16.0) Ranged Weapons
 - Level 3.1(8.1) Armour
 - Level 4.1(9.1) Dodging
 - Level 1.5(6.5) Stealth
 - Level 4.0 Invocations


You had 9 spell levels left.
You didn't know any spells.
Your spell library was empty.

Inventory:

Hand Weapons
 j - a +0 orcbow (weapon)
Armour
 b - a +0 helmet (worn)
 e - the +2 robe of the Morning (worn) {rElec Regen+}
   (You took it off an orc on level 4 of the Dungeon)

   rElec:     It insulates you from electricity.
   Regen:     It increases your rate of health regeneration.
 h - a +0 pair of gloves (worn)
 o - a +0 barding (worn)
 p - a +2 cloak of preservation (worn)
Jewellery
 d - an amulet of reflection
 f - an amulet of faith (around neck)
 r - a ring of resist corrosion (left hand)
Wands
 i - a wand of digging (1)
Scrolls
 a - a scroll of identify
 q - 2 scrolls of teleportation
Potions
 c - a potion of mutation
 g - a potion of haste
 k - 2 potions of curing
 l - a potion of heal wounds
 m - a potion of magic
 t - a potion of resistance

Dungeon Overview and Level Annotations

Branches:
Dungeon (9/15)             Temple (1/1) D:4
   Lair: D:8-11         Orc: D:9-12

Altars:
Ashenzari
Cheibriados
Dithmenos
Elyvilon
Fedhas
Gozag
Hepliaklqana
Kikubaaqudgha
Makhleb
Nemelex Xobeh
Okawaru
Qazlal
Ru
Sif Muna
Trog
Uskayaw
Vehumet
Wu Jian
Xom
Yredelemnul
Zin
The Shining One

Shops:
D:8 ([([:

Portals:
Bailey: D:10

Annotations:
D:10 Lodul


Message History

You kill the ogre!
Okawaru accepts your kill.
You can now speed up your combat.
You hear a shout!
The ogre barely misses you.
You shoot an arrow. The arrow barely misses Lodul.
Lodul closely misses you.
You shoot an arrow. The arrow hits Lodul!
Lodul is moderately wounded.
The ogre misses you. The ogre hits you with a +0 giant club.
You shoot an arrow. The arrow hits Lodul.
Lodul is moderately wounded.
Lodul closely misses you. The ogre completely misses you.
You shoot an arrow. The arrow hits Lodul!
Lodul is moderately wounded.
You have got your breath back.
6978 ||| INVOKING Spit Poison.
Aiming: Spit Poison (1% risk of failure)
Press: ? - help, Shift-Dir - straight line, f/p - Lodul The splash of poison hits Lodul!
Lodul is heavily wounded.
Lodul hits you with a +2 dire flail of venom!
You are poisoned.
The ogre hits you but does no damage. The ogre hits you with a +0 giant club!
You shoot an arrow. The arrow barely misses Lodul.
The arrow hits the ogre!
The ogre is moderately wounded.
You feel very sick. The ogre completely misses you.
Lodul hits you with a +2 dire flail of venom!!
6980 ||| INVOKING Heroism.
You gain the combat prowess of a mighty hero.
You can no longer speed up your combat.
You feel very sick. The ogre hits you with a +0 giant club.
The ogre hits you but does no damage. The ogre barely misses you.
You shoot an arrow. The arrow closely misses Lodul.
The arrow hits the ogre.
The ogre is moderately wounded.
You feel sick.
Lodul hits you with a +2 dire flail of venom!!
The ogre misses you. The ogre hits you with a +0 giant club!
You die...

.. #...# .O #...# .##
.O #...# ... O##...#
.. O....# .. )...# .
#+## ######OO.# #
####..###...##OO.# #
#.......(...#@OO.# #
#...........'OO..# #
#...........#....#
#####'##..###..##...#
......##..###..######
###...+.....#..#
#...#.....#...
#...#.....#....
################


You could see Lodul and 7 ogres.

Vanquished Creatures
  Maggie (D:8)
  A shadow (D:10)
  2 wraiths
  5 yaks
  Grum (D:8)
  A steam dragon (D:8)
  A water moccasin (D:7)
  5 orc warriors
  2 sky beasts (D:8)
  4 ice beasts (D:6)
  3 wolves (D:8)
  3 ogres
  3 centaurs
  A kobold brigand (D:9)
  2 bullfrogs
  A scorpion (D:5)
  An electric eel (D:9)
  4 crimson imps (D:8)
  5 hounds
  3 orc priests
  A gnoll bouda (D:5)
  A jelly (D:8)
  2 sleepcaps
  5 orc wizards
  2 iguanas
  Robin (D:3)
  7 gnolls
  5 adders
  A shadow imp (D:5)
  A white imp (D:7)
  2 ufetubi (D:5)
  A worm (D:2)
  3 dart slugs
  34 orcs
  7 ball pythons
  12 bats
  2 endoplasms
  4 giant cockroaches
  14 goblins
  9 hobgoblins
  7 jackals (D:4)
  5 kobolds
  5 quokkas
  5 frilled lizards
  4 rats
189 creatures vanquished.

Vanquished Creatures (collateral kills)
  A gnoll (D:4)
1 creature vanquished.

Vanquished Creatures (others)
  A gnoll (D:4)
1 creature vanquished.

Grand Total: 191 creatures vanquished

Notes
Turn   | Place    | Note
-------+----------+-------------------------------------------
     0 | D:1      | qw the Naga Hunter began the quest for the Orb.
     0 | D:1      | Reached XP level 1. HP: 19/19 MP: 1/1
     0 | D:1      | 0 ||| qw: Version: 0.2-a-122-gbc61b45
     0 | D:1      | 0 ||| qw: Game counter: 3410
     0 | D:1      | 0 ||| qw: Always use a shield: true
     0 | D:1      | 0 ||| qw: God list: Okawaru
     0 | D:1      | 0 ||| qw: Allow faded altars: false
     0 | D:1      | 0 ||| qw: Do Orc after D:15 true
     0 | D:1      | 0 ||| qw: Do second Lair branch before Depths: true
     0 | D:1      | 0 ||| qw: Lair rune preference: random
     0 | D:1      | 0 ||| qw: Plans: Normal
     0 | D:1      | 0 ||| PLANNING D:1-11
    44 | D:1      | 44 ||| INVOKING Spit Poison.
    76 | D:1      | 76 ||| INVOKING Spit Poison.
   102 | D:1      | 102 ||| INVOKING Spit Poison.
   109 | D:1      | 109 ||| INVOKING Spit Poison.
   110 | D:1      | Reached skill level 4 in Ranged Weapons
   110 | D:1      | Reached XP level 2. HP: 26/26 MP: 2/2
   134 | D:1      | 134 ||| INVOKING Spit Poison.
   149 | D:1      | 149 ||| INVOKING Spit Poison.
   168 | D:1      | 168 ||| INVOKING Spit Poison.
   198 | D:1      | 198 ||| INVOKING Spit Poison.
   217 | D:1      | 217 ||| INVOKING Spit Poison.
   237 | D:1      | 237 ||| INVOKING Spit Poison.
   242 | D:1      | 242 ||| INVOKING Spit Poison.
   317 | D:1      | 317 ||| INVOKING Spit Poison.
   323 | D:1      | Reached XP level 3. HP: 32/32 MP: 3/3
   324 | D:1      | 324 ||| INVOKING Spit Poison.
   331 | D:1      | 331 ||| INVOKING Spit Poison.
   434 | D:1      | Found a faded altar of an unknown god.
   464 | D:1      | 464 ||| INVOKING Spit Poison.
   497 | D:1      | 497 ||| INVOKING Spit Poison.
   647 | D:1      | 647 ||| READING 2 scrolls labelled QIGILA YTUMPAMI.
   648 | D:1      | 648 ||| READING scroll labelled DAPRAA UGIEFFO.
   651 | D:1      | 651 ||| DRINKING 3 white potions.
   652 | D:1      | 652 ||| DROPPING scroll of butterflies.
   653 | D:1      | 653 ||| DROPPING 2 potions of attraction.
   776 | D:2      | 776 ||| INVOKING Spit Poison.
   777 | D:2      | 777 ||| INVOKING Spit Poison.
   806 | D:2      | 806 ||| INVOKING Spit Poison.
  1163 | D:2      | 1163 ||| INVOKING Spit Poison.
  1167 | D:2      | 1167 ||| INVOKING Spit Poison.
  1252 | D:2      | 1252 ||| INVOKING Spit Poison.
  1270 | D:2      | 1270 ||| INVOKING Spit Poison.
  1273 | D:2      | 1273 ||| INVOKING Spit Poison.
  1278 | D:2      | 1278 ||| INVOKING Spit Poison.
  1404 | D:2      | 1404 ||| INVOKING Spit Poison.
  1692 | D:2      | 1692 ||| UPGRADING to amulet of reflection.
  1697 | D:2      | 1697 ||| READING 2 scrolls of identify.
  1697 | D:2      | 1697 ||| IDENTIFYING fuming puce potion
  1698 | D:2      | 1698 ||| DROPPING potion of degeneration.
  1734 | D:3      | 1734 ||| INVOKING Spit Poison.
  1739 | D:3      | 1739 ||| STAIRDANCE
  1741 | D:2      | 1741 ||| INVOKING Spit Poison.
  1745 | D:2      | 1745 ||| INVOKING Spit Poison.
  1746 | D:2      | Reached skill level 5 in Ranged Weapons
  1746 | D:2      | Reached XP level 4. HP: 17/39 MP: 4/4
  1748 | D:2      | 1748 ||| INVOKING Spit Poison.
  1752 | D:2      | 1752 ||| INVOKING Spit Poison.
  1857 | D:3      | 1857 ||| INVOKING Spit Poison.
  1858 | D:3      | 1858 ||| STAIRDANCE
  1860 | D:2      | 1860 ||| INVOKING Spit Poison.
  1916 | D:3      | 1916 ||| INVOKING Spit Poison.
  1916 | D:3      | Noticed Robin
  1923 | D:3      | 1923 ||| INVOKING Spit Poison.
  1923 | D:3      | Killed Robin
  1963 | D:3      | Reached skill level 3 in Fighting
  2038 | D:3      | 2038 ||| INVOKING Spit Poison.
  2044 | D:3      | 2044 ||| INVOKING Spit Poison.
  2045 | D:3      | Reached XP level 5. HP: 49/49 MP: 5/5
  2119 | D:3      | 2119 ||| INVOKING Spit Poison.
  2359 | D:3      | 2359 ||| INVOKING Spit Poison.
  2394 | D:3      | 2394 ||| INVOKING Spit Poison.
  2475 | D:3      | 2475 ||| UPGRADING to +0 helmet.
  2480 | D:3      | 2480 ||| READING scroll labelled GUSKOOTAUL.
  2481 | D:3      | 2481 ||| READING scroll labelled YGIRUS LOGEJAY.
  2482 | D:3      | 2482 ||| READING 2 scrolls of identify.
  2482 | D:3      | 2482 ||| IDENTIFYING metallic brown potion
  2483 | D:3      | 2483 ||| DROPPING potion of berserk rage.
  2525 | D:4      | 2525 ||| INVOKING Spit Poison.
  2531 | D:4      | 2531 ||| INVOKING Spit Poison.
  2534 | D:4      | 2534 ||| INVOKING Spit Poison.
  2540 | D:4      | 2540 ||| INVOKING Spit Poison.
  2559 | D:4      | 2559 ||| INVOKING Spit Poison.
  2569 | D:4      | 2569 ||| INVOKING Spit Poison.
  2574 | D:4      | 2574 ||| INVOKING Spit Poison.
  2578 | D:4      | 2578 ||| INVOKING Spit Poison.
  2597 | D:4      | 2597 ||| INVOKING Spit Poison.
  2627 | D:4      | 2627 ||| INVOKING Spit Poison.
  2630 | D:4      | 2630 ||| INVOKING Spit Poison.
  2643 | D:4      | 2643 ||| INVOKING Spit Poison.
  2666 | D:4      | 2666 ||| INVOKING Spit Poison.
  2681 | D:4      | 2681 ||| INVOKING Spit Poison.
  2687 | D:4      | 2687 ||| INVOKING Spit Poison.
  2689 | D:4      | Identified the +2 robe of the Morning {rElec Regen+}
  2690 | D:4      | 2690 ||| INVOKING Spit Poison.
  2696 | D:4      | 2696 ||| INVOKING Spit Poison.
  2701 | D:4      | 2701 ||| INVOKING Spit Poison.
  2721 | D:4      | 2721 ||| INVOKING Spit Poison.
  2723 | D:4      | Reached skill level 6 in Ranged Weapons
  2723 | D:4      | Reached XP level 6. HP: 56/56 MP: 6/6
  2809 | D:4      | Found a staircase to the Ecumenical Temple.
  2810 | D:4      | 2810 ||| PLANNING TEMPLE
  2810 | D:4      | 2810 ||| UPGRADING to +2 robe of the Morning {rElec
                  | Regen+}.
  2820 | D:4      | 2820 ||| DROPPING +0 leather armour.
  2821 | D:4      | 2821 ||| READING scroll labelled SED HIAMOOFOO.
  2822 | D:4      | 2822 ||| READING 2 scrolls of identify.
  2822 | D:4      | 2822 ||| IDENTIFYING fizzy black potion
  2823 | D:4      | 2823 ||| DROPPING potion of lignification.
  2839 | Temple   | Entered the Ecumenical Temple
  2861 | Temple   | 2861 ||| PLANNING OKAWARU WORSHIP
  2878 | Temple   | Became a worshipper of Warmaster Okawaru
  2878 | Temple   | 2878 ||| PLANNING D:1-11
  2916 | D:4      | 2916 ||| INVOKING Spit Poison.
  2948 | D:4      | 2948 ||| INVOKING Spit Poison.
  3013 | D:4      | 3013 ||| INVOKING Spit Poison.
  3262 | D:4      | 3262 ||| READING scroll labelled BOLAURCH MANKIQ.
  3263 | D:4      | 3263 ||| READING scroll labelled UZYSSOASID.
  3264 | D:4      | 3264 ||| READING scroll labelled XUVAHE URHUQU.
  3265 | D:4      | 3265 ||| READING 3 scrolls of identify.
  3265 | D:4      | 3265 ||| IDENTIFYING golden potion
  3266 | D:4      | 3266 ||| READING 2 scrolls of identify.
  3266 | D:4      | 3266 ||| IDENTIFYING viscous white potion
  3303 | D:5      | Entered Level 5 of the Dungeon
  3304 | D:5      | 3304 ||| INVOKING Spit Poison.
  3318 | D:5      | Found an opulent altar of Gozag.
  3438 | D:5      | 3438 ||| INVOKING Spit Poison.
  3454 | D:5      | Found a glowing silver altar of Zin.
  3486 | D:5      | 3486 ||| INVOKING Spit Poison.
  3523 | D:5      | 3523 ||| INVOKING Spit Poison.
  3571 | D:5      | 3571 ||| INVOKING Spit Poison.
  3666 | D:5      | Identified the +7 falchion of Vuodid {holy, rElec rPois
                  | rN+}
  3671 | D:5      | 3671 ||| INVOKING Spit Poison.
  3678 | D:5      | 3678 ||| INVOKING Spit Poison.
  3681 | D:5      | 3681 ||| INVOKING Spit Poison.
  3686 | D:5      | 3686 ||| INVOKING Spit Poison.
  3692 | D:5      | 3692 ||| INVOKING Spit Poison.
  3829 | D:5      | 3829 ||| INVOKING Spit Poison.
  3889 | D:5      | 3889 ||| INVOKING Spit Poison.
  3895 | D:5      | 3895 ||| INVOKING Spit Poison.
  3913 | D:5      | 3913 ||| INVOKING Spit Poison.
  3916 | D:5      | Reached XP level 7. HP: 64/64 MP: 7/7
  3916 | D:5      | 3916 ||| INVOKING Spit Poison.
  3920 | D:5      | 3920 ||| INVOKING Spit Poison.
  3927 | D:5      | 3927 ||| INVOKING Spit Poison.
  3963 | D:5      | 3963 ||| INVOKING Spit Poison.
  4213 | D:5      | 4213 ||| UPGRADING to +0 cloak.
  4218 | D:5      | 4218 ||| UPGRADING to amulet of faith.
  4228 | D:5      | 4228 ||| READING scroll labelled WYIH GEXYI.
  4229 | D:5      | 4229 ||| DRINKING 2 fizzy red potions.
  4230 | D:5      | 4230 ||| DROPPING potion of brilliance.
  4248 | D:6      | 4248 ||| INVOKING Spit Poison.
  4251 | D:6      | Reached skill level 7 in Ranged Weapons
  4268 | D:6      | 4268 ||| INVOKING Spit Poison.
  4275 | D:6      | 4275 ||| INVOKING Spit Poison.
  4310 | D:6      | 4310 ||| INVOKING Spit Poison.
  4316 | D:6      | 4316 ||| INVOKING Spit Poison.
  4316 | D:6      | Reached * piety under Okawaru
  4396 | D:6      | 4396 ||| INVOKING Spit Poison.
  4411 | D:6      | 4411 ||| INVOKING Heroism.
  4493 | D:6      | 4493 ||| INVOKING Spit Poison.
  4507 | D:6      | 4507 ||| INVOKING Heroism.
  4510 | D:6      | 4510 ||| INVOKING Spit Poison.
  4513 | D:6      | Reached skill level 1 in Invocations
  4566 | D:6      | Reached XP level 8. HP: 63/72 MP: 9/9
  4612 | D:6      | Reached skill level 8 in Ranged Weapons
  4612 | D:6      | Reached skill level 3 in Invocations
  4656 | D:6      | Reached ** piety under Okawaru
  4788 | D:6      | 4788 ||| INVOKING Spit Poison.
  4810 | D:6      | 4810 ||| UPGRADING to +0 pair of gloves.
  4815 | D:6      | 4815 ||| READING 2 scrolls labelled AHAL EPNIVYE.
  4816 | D:6      | 4816 ||| DROPPING scroll of fear.
  4857 | D:7      | 4857 ||| INVOKING Spit Poison.
  4954 | D:7      | 4954 ||| INVOKING Heroism.
  4955 | D:7      | 4955 ||| INVOKING Spit Poison.
  4962 | D:7      | Reached skill level 1 in Armour
  5015 | D:7      | 5015 ||| INVOKING Spit Poison.
  5029 | D:7      | 5029 ||| INVOKING Spit Poison.
  5091 | D:7      | 5091 ||| INVOKING Spit Poison.
  5093 | D:7      | 5093 ||| Stepping ~*~*~tactically~*~*~ (outnumbered).
  5094 | D:7      | 5094 ||| INVOKING Spit Poison.
  5098 | D:7      | 5098 ||| INVOKING Spit Poison.
  5172 | D:7      | 5172 ||| INVOKING Heroism.
  5173 | D:7      | 5173 ||| INVOKING Spit Poison.
  5180 | D:7      | 5180 ||| INVOKING Spit Poison.
  5209 | D:7      | 5209 ||| INVOKING Spit Poison.
  5210 | D:7      | 5210 ||| Stepping ~*~*~tactically~*~*~ (outnumbered).
  5214 | D:7      | 5214 ||| Stepping ~*~*~tactically~*~*~ (outnumbered).
  5215 | D:7      | 5215 ||| INVOKING Spit Poison.
  5221 | D:7      | 5221 ||| INVOKING Spit Poison.
  5531 | D:7      | 5531 ||| UPGRADING to +2 cloak of preservation.
  5541 | D:7      | 5541 ||| DROPPING +0 cloak.
  5542 | D:7      | 5542 ||| UPGRADING to ring of resist corrosion.
  5543 | D:7      | 5543 ||| READING scroll labelled IGUHOO OSOCSA.
  5575 | D:7      | 5575 ||| READING scroll labelled FEKHOA QILIENI.
  5576 | D:7      | 5576 ||| DRINKING 2 bubbling green potions.
  5577 | D:7      | 5577 ||| READING 4 scrolls of identify.
  5577 | D:7      | 5577 ||| IDENTIFYING fuming black potion
  5578 | D:7      | 5578 ||| READING 3 scrolls of identify.
  5578 | D:7      | 5578 ||| IDENTIFYING dark potion
  5579 | D:7      | 5579 ||| READING 2 scrolls of identify.
  5579 | D:7      | 5579 ||| IDENTIFYING blue potion
  5580 | D:7      | 5580 ||| DROPPING potion of invisibility.
  5644 | D:8      | 5644 ||| INVOKING Spit Poison.
  5657 | D:8      | 5657 ||| INVOKING Spit Poison.
  5662 | D:8      | 5662 ||| INVOKING Heroism.
  5663 | D:8      | 5663 ||| INVOKING Spit Poison.
  5666 | D:8      | Reached XP level 9. HP: 55/81 MP: 9/12
  5715 | D:8      | 5715 ||| SWAPPING to +0 orcbow.
  5716 | D:8      | 5716 ||| DROPPING +0 shortbow of chaos.
  5731 | D:8      | Noticed Grum
  5732 | D:8      | 5732 ||| INVOKING Heroism.
  5733 | D:8      | 5733 ||| INVOKING Spit Poison.
  5742 | D:8      | 5742 ||| INVOKING Spit Poison.
  5750 | D:8      | 5750 ||| INVOKING Spit Poison.
  5750 | D:8      | Killed Grum
  5751 | D:8      | Reached skill level 3 in Dodging
  5754 | D:8      | 5754 ||| INVOKING Spit Poison.
  5762 | D:8      | Reached skill level 9 in Ranged Weapons
  5787 | D:8      | 5787 ||| INVOKING Heroism.
  5834 | D:8      | 5834 ||| INVOKING Heroism.
  5835 | D:8      | 5835 ||| INVOKING Spit Poison.
  5856 | D:8      | Found Xerrahaw's Book Shop.
  5858 | D:8      | 5858 ||| INVOKING Spit Poison.
  5866 | D:8      | 5866 ||| INVOKING Heroism.
  5868 | D:8      | 5868 ||| INVOKING Spit Poison.
  5871 | D:8      | Reached skill level 6 in Fighting
  5885 | D:8      | Found Uchefon's Antique Weapon Shop.
  5951 | D:8      | Found Vuath's Weapon Emporium.
  5997 | D:8      | 5997 ||| INVOKING Spit Poison.
  6000 | D:8      | 6000 ||| INVOKING Heroism.
  6001 | D:8      | 6001 ||| INVOKING Spit Poison.
  6010 | D:8      | 6010 ||| INVOKING Spit Poison.
  6055 | D:8      | Found Tuqiyf's Armour Boutique.
  6063 | D:8      | 6063 ||| BUYING +0 barding (299 gold).
  6063 | D:8      | Bought a +0 barding for 299 gold pieces
  6138 | D:8      | 6138 ||| INVOKING Spit Poison.
  6195 | D:8      | Found a shimmering altar of Xom.
  6221 | D:8      | 6221 ||| INVOKING Spit Poison.
  6228 | D:8      | 6228 ||| INVOKING Spit Poison.
  6246 | D:8      | Found Maaghae's Armour Emporium.
  6299 | D:8      | 6299 ||| UPGRADING to +0 barding.
  6442 | D:8      | 6442 ||| DRINKING 2 fizzy sapphire potions.
  6443 | D:8      | 6443 ||| READING 2 scrolls of identify.
  6443 | D:8      | 6443 ||| IDENTIFYING silvery potion
  6444 | D:8      | 6444 ||| DROPPING potion of enlightenment.
  6502 | D:9      | Noticed Maggie
  6504 | D:9      | 6504 ||| INVOKING Spit Poison.
  6509 | D:9      | 6509 ||| INVOKING Spit Poison.
  6510 | D:9      | 6510 ||| STAIRDANCE
  6512 | D:8      | 6512 ||| INVOKING Heroism.
  6513 | D:8      | 6513 ||| INVOKING Spit Poison.
  6515 | D:8      | Killed Maggie
  6515 | D:8      | Reached *** piety under Okawaru
  6543 | D:9      | 6543 ||| STAIRDANCE
  6556 | D:8      | 6556 ||| INVOKING Heroism.
  6558 | D:8      | Reached skill level 10 in Ranged Weapons
  6684 | D:9      | 6684 ||| INVOKING Heroism.
  6686 | D:9      | 6686 ||| Stepping ~*~*~tactically~*~*~ (outnumbered).
  6689 | D:9      | 6689 ||| INVOKING Spit Poison.
  6693 | D:9      | 6693 ||| Stepping ~*~*~tactically~*~*~ (outnumbered).
  6698 | D:9      | 6698 ||| INVOKING Spit Poison.
  6702 | D:9      | Reached XP level 10. HP: 91/92 MP: 13/13
  6704 | D:9      | 6704 ||| INVOKING Spit Poison.
  6708 | D:9      | 6708 ||| INVOKING Spit Poison.
  6711 | D:9      | 6711 ||| INVOKING Spit Poison.
  6735 | D:9      | 6735 ||| INVOKING Heroism.
  6736 | D:9      | 6736 ||| INVOKING Spit Poison.
  6744 | D:9      | 6744 ||| INVOKING Spit Poison.
  6756 | D:9      | 6756 ||| INVOKING Heroism.
  6759 | D:9      | 6759 ||| INVOKING Spit Poison.
  6766 | D:9      | 6766 ||| INVOKING Spit Poison.
  6777 | D:9      | 6777 ||| INVOKING Spit Poison.
  6783 | D:9      | 6783 ||| INVOKING Heroism.
  6786 | D:9      | 6786 ||| INVOKING Spit Poison.
  6790 | D:9      | 6790 ||| INVOKING Spit Poison.
  6798 | D:9      | 6798 ||| INVOKING Spit Poison.
  6818 | D:9      | You fall into a shaft and drop 1 floor!
  6818 | D:10     | Entered Level 10 of the Dungeon
  6828 | D:10     | 6828 ||| INVOKING Spit Poison.
  6835 | D:10     | 6835 ||| INVOKING Spit Poison.
  6840 | D:10     | 6840 ||| INVOKING Spit Poison.
  6844 | D:10     | 6844 ||| INVOKING Heroism.
  6848 | D:10     | 6848 ||| INVOKING Spit Poison.
  6855 | D:10     | Reached skill level 11 in Ranged Weapons
  6858 | D:10     | 6858 ||| INVOKING Spit Poison.
  6861 | D:10     | HP: 23/94 [yak (8)]
  6862 | D:10     | 6862 ||| READING 3 scrolls of teleportation.
  6863 | D:10     | 6863 ||| INVOKING Spit Poison.
  6866 | D:10     | 6866 ||| INVOKING Heroism.
  6867 | D:10     | Found a flagged portal.
  6871 | D:10     | 6871 ||| INVOKING Spit Poison.
  6966 | D:10     | 6966 ||| INVOKING Spit Poison.
  6968 | D:10     | Noticed Lodul
  6969 | D:10     | Reached skill level 3 in Armour
  6970 | D:10     | 6970 ||| Stepping ~*~*~tactically~*~*~ (outnumbered).
  6971 | D:10     | 6971 ||| INVOKING Spit Poison.
  6973 | D:10     | Reached **** piety under Okawaru
  6978 | D:10     | 6978 ||| INVOKING Spit Poison.
  6980 | D:10     | 6980 ||| INVOKING Heroism.
  6981 | D:10     | HP: 8/94 [Lodul/+2 dire flail of venom (24)]
  6981 | D:10     | Slain by an ogre

Levels and vault maps discovered:
D:1:      lightli_iron_boxes, layout_basic,
          hellmonk_ecumenical_altar_crossroads, minmay_tromino_i2
D:2:      layout_basic
D:3:      layout_rooms, chequers_serial_rivers_small_b,
          nicolae_elevator_lobby_plus, uniq_robin, uniq_crazy_yiuf_cottage
D:4:      layout_loops_cross, temple_pool_b
D:5:      layout_loops_corners, pdpol_temple_overflow_zin_treasury_gozag_greed,
          minivault_1
D:6:      layout_cave_pools
D:7:      layout_loops_ring
D:8:      layout_loops_cross, led_xom_imps, serial_shops, nicolae_square_shop,
          shop, nicolae_square_shop, nicolae_shop_hallway_stairs, shop,
          uniq_grum
D:9:      layout_rooms, zombieorc2_lemuel, serial_bayou_pond_b,
          chequers_mini_garden, minmay_statues_item, minmay_st_funbox,
          kennysheep_decorative_pillar, corexii_checkpoint_a,
          minmay_misc_feat_room, uniq_maggie
D:10:     layout_gridville, enter_bailey_5, grunt_ministairs_11,
          chequers_serial_rivers_small_b, uniq_lodul
Temple:   hellmonk_temple_of_storms

Skill      XL: |  1  2  3  4  5  6  7  8  9 10 |
---------------+-------------------------------+-----
Ranged Weapons | 4 5 6 7 8 10 11 | 11.0
Fighting       | 3 4 5 6 7 |  7.3
Dodging        | 2 3 4 |  4.1
Invocations    | 2 4 |  4.0
Armour         | 1 2 3 |  3.1
Stealth        | |  1.5

Action                     |  1- 3 |  4- 6 |  7- 9 | 10-12 || total
---------------------------+-------+-------+-------+-------++-------
   Fire: Shortbow          |    65 |   128 |   149 |       ||   342
         Orcbow            |       |       |   103 |   103 ||   206
 Invoke: Heroism           |       |       |    13 |     6 ||    19
Ability: Spit Poison       |    28 |    47 |    46 |    21 ||   142
    Use: Scroll            |     3 |    10 |     8 |     1 ||    22
         Potion            |     1 |       |     3 |       ||     4
 Armour: Leather armour    |     8 |    19 |       |       ||    27
         Robe              |       |     6 |    49 |    44 ||    99
  Dodge: Dodged            |    10 |    51 |    77 |    55 ||   193
  Block: Other             |     4 |    21 |       |       ||    25
         Reflection        |       |     2 |       |       ||     2

Table legend:
 A = Non-vault XP
 B = Vault XP
 C = Vault XP percentage of total XP
 D = Non-vault monster count
 E = Vault monster count
 F = Vault count percentage of total count
                 A         B        C        D         E       F
            +---------+---------+-------+---------+---------+-------
      Total |    4954 |    1958 |  28.3 |     158 |      32 |  16.8
            +---------+---------+-------+---------+---------+-------
        D:1 |      39 |       2 |   4.9 |      26 |       1 |   3.7
        D:2 |      38 |       6 |  13.6 |      14 |       3 |  17.6
        D:3 |      58 |      32 |  35.6 |       9 |       9 |  50.0
        D:4 |     193 |       0 |   0.0 |      26 |       0 |   0.0
        D:5 |     378 |       0 |   0.0 |      24 |       0 |   0.0
        D:6 |     848 |       0 |   0.0 |      13 |       0 |   0.0
        D:7 |     598 |       0 |   0.0 |      19 |       0 |   0.0
        D:8 |    1156 |    1119 |  49.2 |      13 |       9 |  40.9
        D:9 |     574 |     545 |  48.7 |       9 |       4 |  30.8
       D:10 |    1072 |     254 |  19.2 |       5 |       6 |  54.5
            +---------+---------+-------+---------+---------+-------
